 Dungeon Crawl Stone Soup version 0.17-a0-1636-g3119f2b (webtiles) character file.

18 MikeDS the Charmwright (level 2, 0/25 HPs)
             Began as a Draconian Skald on Aug 5, 2015.
             Succumbed to an adder's poison
             ... on level 1 of the Dungeon.
             The game lasted 00:04:21 (690 turns).

MikeDS the Charmwright (Draconian Skald)             Turns: 690, Time: 00:04:21

Health: 0/25       AC:  4    Str: 14    XL:     2   Next: 51%
Magic:  5/5        EV: 12    Int: 12    God:
Gold:   6          SH:  0    Dex: 10    Spells: 3 memorised, 0 levels left

rFire  . . .     SeeInvis .     a - +0 mace
rCold  . . .     Clarity  .     (armour unavailable)
rNeg   . . .     SustAt   .     (no shield)
rPois  .         Gourm    .     (helmet restricted)
rElec  .         Spirit   .     (no cloak)
rCorr  .         Warding  .     (no gloves)
rMut   .         Stasis   .     (no boots)
MR     .....                    (no amulet)
Stlth  +.........               (no ring)
                                (no ring)

@: lethally poisoned (0 -> -7), not resistant to hostile enchantments, very
unstealthy
A: unfitting armour, cold-blooded, AC +4
a: no special abilities


You were on level 1 of the Dungeon.
You were not hungry.

You visited 1 branch of the dungeon, and saw 2 of its levels.

You collected 6 gold pieces.

Inventory:

Hand weapons
 a - a +0 mace (weapon)
Missiles
 d - 12 stones (quivered)
Scrolls
 e - a scroll of teleportation {unknown}
Books
 b - a book of Battle

   Spells                             Type                      Level
   a - Infusion                       Charms                       1
   b - Shroud of Golubria             Charms/Translocation         2
   c - Song of Slaying                Charms                       2
   d - Spectral Weapon                Hexes/Charms                 3
   e - Regeneration                   Charms/Necromancy            3
Comestibles
 c - a bread ration
 f - a slice of pizza
 g - a beef jerky


   Skills:
 + Level 2.4 Fighting
 + Level 2.1 Maces & Flails
 + Level 1.5 Dodging
 + Level 2.2 Spellcasting
 + Level 3.0 Charms
 + Level 0.2 Translocations


You couldn't memorise any spells.
You knew the following spells:

 Your Spells              Type           Power        Failure   Level  Hunger
a - Infusion              Chrm           #.....       10%         1    ##.....
b - Shroud of Golubria    Chrm/Tloc      #.........   21%         2    ###....
c - Song of Slaying       Chrm           #.......     12%         2    ###....


Dungeon Overview and Level Annotations

Branches:
Dungeon (2/15)

Altars:


Innate Abilities, Weirdness & Mutations

Your plain brown scales are hard (AC +4).
Your body does not fit into most forms of armour.
You are cold-blooded and may be slowed by cold attacks.


Message History

* * * LOW HITPOINT WARNING * * *
You feel sick. The adder closely misses you.
The adder bites you but does no damage.
Throwing (i - inventory):
d - 13 stones (quivered)
Press: ? - help, Shift-Dir - straight line, f/p - adder
Aim: an adder (heavily wounded)
You throw a stone. The stone hits the adder.
The adder is severely wounded.
The adder bites you.
* * * LOW HITPOINT WARNING * * *
Unknown command.
* * * LOW HITPOINT WARNING * * *
You feel sick.
* * * LOW HITPOINT WARNING * * *
You feel sick. The adder closely misses you.
* * * LOW HITPOINT WARNING * * *
You feel sick.
* * * LOW HITPOINT WARNING * * *
You feel sick.
You die...

#.#.# #.#.# #.##############
##..# #.#.# #.# ##.### #.#.#
#.# #....# #.#.# #.#
.#(.>#### #.#.# #.#
........####.#.# #.#
.......#.......###.######
.(......####........)...#
##...##(.(....S.@..####.#
#...#######.#.##### ##.###
###.######....#######....#
.........#.............##
#.######...#.###.###.#..#
#######..#.#.....#.#..#
......#..###.#.#.###..######
...................)........
#####.#..###.#.#.###.#######


You could see an adder.

Vanquished Creatures
  2 oozes (D:1)
  A ball python (D:1)
  A hobgoblin (D:1)
  A bat (D:1)
  A giant cockroach (D:1)
  A giant newt (D:1)
  3 goblins (D:1)
  A kobold (D:1)
  A rat (D:1)
12 creatures vanquished.

Notes
Turn   | Place    | Note
--------------------------------------------------------------
     0 | D:1      | MikeDS the Draconian Skald began the quest for the Orb.
     0 | D:1      | Reached XP level 1. HP: 17/17 MP: 3/3
   379 | D:1      | Reached skill level 3 in Charms
   379 | D:1      | Reached XP level 2. HP: 16/25 MP: 5/5
   383 | D:1      | Learned a level 2 spell: Shroud of Golubria
   386 | D:1      | Learned a level 2 spell: Song of Slaying
   688 | D:1      | HP: 1/25 [poisoned by an adder]
   690 | D:1      | Succumbed to an adder's poison

Vault maps used:
D:1:      lemuel_arrival_funnel, hex_large, supply_closet_lemuel, minivault_14,
          minmay_misc_feat_roman
D:2:      ecumenical_altar_2, nicolae_ru_great_annihilating_truth

Action                   || total
-------------------------++-------
Melee: Mace              ||    38
Throw: Stone             ||     8
 Cast: Infusion          ||     3
       Shroud of Golubri ||     1
